Map: Equilibrium LE

Players

bloodyparrot - Winner!

  • Race: Terran Terran
  • League: Diamond
  • Spawn Location: 1:00

SubN

  • Race: Zerg Zerg
  • League: Diamond
  • Spawn Location: 11:00

VOD

Have the link to the VOD?

Description

Time

  • Played on: Jan. 23, 2024, 12:18 a.m.
  • Length: 4:48
Show
View Real Time Build Order
Export as new Build Order

bloodyparrot Terran - Winner!

Build Orders: 2 Factory, Cyclone Opening 

Get SALT Encoding   

  12  0:00  SCV  
  13  0:12  SCV  
  14  0:17  Supply Depot  
  14  0:24  SCV  
  15  0:38  SCV  
  15  0:40  Barracks  
  16  0:43  Refinery  
  16  0:51  SCV  
  16  0:54  Refinery  
  17  1:04  SCV  
  18  1:17  SCV  
  19  1:26  Barracks Reactor  
  19  1:29  Supply Depot, Orbital Command  
  19  1:42  Factory  
  19  1:55  SCV  
  20  2:01  Factory  
  20  2:07  SCV  
  21  2:13  Barracks Reactor  
  21  2:19  SCV  
  22  2:31  Cyclone  
  22  2:32  Cyclone  
  27  2:37  Supply Depot  
  26  2:54  Cyclone x2  
  30  3:04  Cyclone  
  32  3:06  Cyclone  
  32  3:10  Supply Depot  
  34  3:26  Hellion x2  
  38  3:36  Cyclone  
  38  3:39  Cyclone  
  42  3:47  Cyclone  
  42  3:48  Hellion  
  46  3:52  Supply Depot  
  46  4:13  Cyclone  
Show
View Real Time Build Order
Export as new Build Order

SubN Zerg 

Build Orders: Hatch First 

Get SALT Encoding   

  12  0:00  Drone  
  13  0:12  Overlord  
  13  0:17  Drone  
  14  0:30  Drone x2  
  16  0:50  Hatchery  
  16  0:51  Drone  
  16  0:58  Drone  
  17  1:09  Spawning Pool  
  16  1:13  Drone  
  17  1:19  Drone  
  17  1:20  Drone  
  19  1:28  Overlord  
  19  1:38  Drone  
  20  1:49  Drone  
  21  1:56  Queen  
  21  2:01  Zergling x2  
  24  2:02  Zergling x2  
  24  2:05  Queen  
  27  2:15  Drone x2  
  29  2:16  Extractor  
  29  2:21  Drone  
  29  2:40  Queen  
  31  2:45  Drone x4  
  35  3:05  Drone  
  36  3:06  Hatchery, Overlord  
  36  3:08  Overlord  
  36  3:11  Overlord  
  35  3:21  Roach Warren, Queen  
  35  3:25  Drone x4  
  40  3:28  Metabolic Boost  
  38  3:46  Zergling x10  
  43  3:53  Spine Crawler  
  42  3:56  Spine Crawler  
  42  3:59  Queen  
  42  4:01  Roach x2  
  47  4:16  Zergling x4, Roach x2  
  48  4:17  Roach  
Tags
 
Add a new tag
Caveats
  • Supply blocks, unpowered buildings, or Contaminate may cause inaccurate times.
  • Supply counts are checked every 10 seconds.